 Dungeon Crawl Stone Soup version 0.24.0-29-g8ce449bc06 (webtiles) character file.

Game seed: 972993995195247870, levelgen mode: deterministic

19 FessEmpty the Caller (level 2, -3/20 HPs)
             Began as a Draconian Summoner on Nov 15, 2019.
             Slain by a kobold
             ... wielding a +0 whip
              (8 damage)
             ... on level 1 of the Dungeon.
             The game lasted 00:03:33 (871 turns).

FessEmpty the Caller (Draconian Summoner)            Turns: 871, Time: 00:03:34

Health: -3/20      AC:  5    Str: 10    XL:     2   Next: 55%
Magic:  4/5        EV: 12    Int: 15    God:
Gold:   16         SH:  0    Dex: 11    Spells: 4/5 levels left

rFire    . . .     SeeInvis .   a - +0 club
rCold    . . .     Gourm    .   (no shield)
rNeg     . . .     Faith    .   (armour unavailable)
rPois    +         Spirit   .   (helmet restricted)
rElec    .         Reflect  .   h - +0 cloak {rPois}
rCorr    .         Harm     .   (no gloves)
MR       .....                  (no boots)
Stlth    ++........             (no amulet)
HPRegen  0.06/turn              (no ring)
MPRegen  0.09/turn              (no ring)

@: no status effects
A: unfitting armour, cold-blooded, AC +4
a: no special abilities


You were on level 1 of the Dungeon.
You were not hungry.

You visited 1 branch of the dungeon, and saw 1 of its levels.

You collected 16 gold pieces.

Inventory:

Hand Weapons
 a - a +0 club (weapon)
Armour
 h - a +0 cloak of poison resistance (worn)
Jewellery
 d - an uncursed amulet of guardian spirit
Scrolls
 c - a scroll of identify {unknown}
 i - a scroll of remove curse {unknown}
 j - a scroll of amnesia {unknown}
Potions
 e - a potion of haste {unknown}
 f - a potion of might {unknown}
Comestibles
 b - 4 rations
 g - a chunk of flesh


   Skills:
 - Level 1.7 Dodging
 - Level 1.7 Stealth
 + Level 2.3 Spellcasting
 * Level 4.5 Summonings


You had 4 spell levels left.
You knew the following spells:

 Your Spells              Type           Power        Failure   Level  Hunger
a - Summon Small Mammal   Summ           ###.         3%          1    #......

Your spell library contained the following spells:

 Spells                   Type           Power        Failure   Level  Hunger
 Call Imp                 Summ           ###.....     4%          2    ###....
 Call Canine Familiar     Summ           ###.....     10%         3    ###....
 Summon Guardian Golem    Hex/Summ       #.......     26%         3    ###....
 Summon Ice Beast         Ice/Summ       #.......     63%         4    #####..
 Summon Lightning Spire   Summ/Air       #.......     63%         4    #####..


Dungeon Overview and Level Annotations

Branches:
Dungeon (1/15)

Altars:


Innate Abilities, Weirdness & Mutations

Your plain brown scales are hard. (AC +4)
You cannot fit into any form of body armour.
You are cold-blooded and may be slowed by cold attacks.


Message History

A rat comes into view.
A goblin comes into view. It is wielding a +0 club.
Found an embroidered cloak.
You see here a scroll labeled XEANLE REPEELI.
Casting: Summon Small Mammal (safe; 3% risk of failure)
Confirm with . or Enter, or press ? or * to list all spells.
The goblin shouts!
A goblin comes into view. It is wielding a +0 club.
Casting: Summon Small Mammal (safe; 3% risk of failure)
Confirm with . or Enter, or press ? or * to list all spells.
A rat comes into view.
Casting: Summon Small Mammal (safe; 3% risk of failure)
Confirm with . or Enter, or press ? or * to list all spells.
The rat misses your rat.
Your rat barely misses the rat.
Casting: Summon Small Mammal (safe; 3% risk of failure)
Confirm with . or Enter, or press ? or * to list all spells.
The rat bites your rat.
Your rat bites the rat.
Your rat closely misses the rat.
The hobgoblin hits your bat.
Casting: Summon Small Mammal (safe; 3% risk of failure)
Confirm with . or Enter, or press ? or * to list all spells.
Your bat disappears in a puff of smoke!
The rat misses your rat.
Your rat bites the rat.
The rat dies!
Your rat bites the hobgoblin.
You swap places.
The goblin hits your rat with a +0 club.
Your rat dies!
Your rat's corpse disappears in a puff of smoke!
The hobgoblin closely misses you.
You hit the hobgoblin but do no damage. You tail-slap the hobgoblin.
You kill the hobgoblin!
The goblin barely misses you.
You hit the goblin but do no damage. You tail-slap the goblin.
You kill the goblin!
The rat misses you.
You closely miss the goblin. The rat barely misses you.
The goblin closely misses you. The rat bites you but does no damage.
A kobold comes into view.
The goblin hits you but does no damage.
The kobold throws a stone.
The stone hits you but does no damage. The rat bites your rat.
Found a ration.
You see here a stone.
You closely miss the goblin.
The kobold throws a stone.
The stone barely misses you. The goblin hits you with a +0 club.
Your rat bites the rat.
The rat dies!
Your rat barely misses the goblin.
The goblin hits you but does no damage.
You miss the goblin.
A bat comes into view.
The goblin closely misses you.
The bat moves out of view.
You barely miss the goblin.
Your rat closely misses the goblin.
Your rat bites the goblin.
The goblin closely misses you.
You closely miss the goblin.
The goblin is moderately wounded.
Your rat bites the goblin.
The goblin dies!
The bat hits you but does no damage.
You barely miss the bat. The bat barely misses you.
The bat barely misses your rat. x2; Your rat closely misses the bat.
The kobold barely misses your rat.
You swap places.
The bat misses you. The bat hits your rat.
Your rat misses the kobold. The kobold barely misses you.
Found a scroll labeled JIAD ZUNOIRGH.
You completely miss the kobold.
Your tail-slap misses the kobold.
The bat hits you but does no damage.
Your rat closely misses the bat.
The kobold barely misses you.
You completely miss the kobold. The bat hits you but does no damage.
The bat closely misses your rat.
Your rat bites the bat.
The kobold hits you but does no damage.
Your rat barely misses the kobold.
You hit the kobold.
The kobold is heavily wounded.
The bat barely misses you. The bat hits your rat. The kobold misses you.
Your rat misses the bat. The kobold barely misses you.
You hit the kobold.
You kill the kobold!
The bat hits you but does no damage.
Your rat barely misses the bat.
You swap places.
The bat barely misses you. x2
You swap places.
Your quokka disappears in a puff of smoke!
The bat hits you but does no damage.
Your rat bites the bat.
The bat closely misses your rat.
You closely miss the bat.
The bat is severely wounded.
The bat barely misses you. The bat hits your rat.
Your rat dies!
Your rat's corpse disappears in a puff of smoke!
The bat hits you but does no damage.
Your rat disappears in a puff of smoke!
The bat hits you.
You hit the bat.
You kill the bat!
No target in view!
b - 3 rations (gained 1)
You see here a kobold corpse.
You see here an embroidered cloak.
h - an embroidered cloak You start putting on your armour.
You continue putting on your embroidered cloak. x4
You finish putting on your +0 cloak of poison resistance.
You feel resistant to poison.
Okay, then.
b - 4 rations (gained 1)
There is an escape hatch in the floor here.
i - a scroll labeled JIAD ZUNOIRGH
Items here: )) ††† a +0 club x2; a goblin corpse x2; a hobgoblin corpse You butcher the goblin corpse.
g - 4 chunks of flesh (gained 3)
You butcher the goblin corpse.
g - 5 chunks of flesh (gained 1)
You butcher the hobgoblin corpse.
g - 8 chunks of flesh (gained 3)
Items here: )) ÷÷÷ a +0 club x2; a goblin skeleton x2; a hobgoblin skeleton
Items here: )) ÷÷÷ a +0 club x2; a goblin skeleton x2; a hobgoblin skeleton
j - a scroll labeled XEANLE REPEELI You butcher the bat corpse.
g - 9 chunks of flesh (gained 1)
You see here a bat skeleton. x2
A hobgoblin comes into view. It is wielding a +0 club.
The hobgoblin shouts!
You hit the hobgoblin.
The hobgoblin is moderately wounded.
The hobgoblin hits you with a cursed +0 club.
You closely miss the hobgoblin.
The hobgoblin is moderately wounded.
The hobgoblin completely misses you.
You closely miss the hobgoblin.
The hobgoblin is moderately wounded.
The hobgoblin hits you but does no damage.
The hobgoblin closely misses you.
You closely miss the hobgoblin.
The hobgoblin is moderately wounded.
The hobgoblin hits you but does no damage.
You barely miss the hobgoblin.
The hobgoblin is moderately wounded.
The hobgoblin hits you but does no damage.
You barely miss the hobgoblin.
The hobgoblin is moderately wounded.
The hobgoblin barely misses you.
You hit the hobgoblin.
You kill the hobgoblin!
Things that are here:
a cursed +0 club; a hobgoblin corpse You butcher the hobgoblin corpse.
g - 10 chunks of flesh (gained 1)
Things that are here:
a cursed +0 club; a hobgoblin skeleton
Things that are here:
a cursed +0 club; a hobgoblin skeleton
Found 29 stones.
Some of the chunks of flesh in your inventory have rotted away.
Found a stone staircase leading down.
There is a stone staircase leading down here.
Some of the chunks of flesh in your inventory have rotted away.
A kobold comes into view. It is wielding a +0 whip.
The kobold shouts!
The kobold throws a stone.
The stone hits you but does no damage.
The kobold throws a stone.
The stone completely misses you.
The kobold throws a stone.
The stone hits you but does no damage.
You see here a stone.
The kobold throws a stone.
The stone closely misses you.
The kobold throws a stone.
The stone barely misses you.
You see here a stone.
You hit the kobold.
The kobold is moderately wounded.
The kobold hits you but does no damage.
You closely miss the kobold.
Your tail-slap misses the kobold.
The kobold is moderately wounded.
The kobold hits you but does no damage. The kobold misses you.
The kobold hits you with a +0 dagger. The kobold closely misses you.
You closely miss the kobold.
The kobold is moderately wounded.
The kobold hits you with a +0 dagger. The kobold hits you but does no damage.
You hit the kobold.
The kobold is severely wounded.
The kobold hits you with a +0 dagger. The kobold hits you but does no damage.
You completely miss the kobold.
The kobold is severely wounded.
The kobold hits you but does no damage. The kobold barely misses you.
The kobold hits you but does no damage.
You hit the kobold but do no damage.
The kobold is severely wounded.
The kobold hits you with a +0 whip. The kobold hits you but does no damage.
The kobold hits you with a +0 whip.
* * * LOW HITPOINT WARNING * * *
You are too injured to fight recklessly!
You see here a stone.
Casting: Summon Small Mammal (safe; 3% risk of failure)
Confirm with . or Enter, or press ? or * to list all spells.
The kobold barely misses you.
Your bat misses the kobold. Your bat hits the kobold.
Some of the chunks of flesh in your inventory have rotted away.
Your bat closely misses the kobold.
Your bat misses the kobold.
Your bat hits the kobold but does no damage.
The kobold hits you with a +0 whip!
You die...

#.######.####.###.# #.#
..........g.......# #.#
.#....##.####.##..# #.#
###.).##.# #(##..# #.# #
##÷###.####.##..# #.#
##.#........##..### #.#
##..###....(...)...# #.#
##...#........##..#.# #.#
#....#######.###@.#.####.#
......#####....#KK...>...#
....<.....'..#.#...#######
......######.#.......########
#....##......#...b...(.......
##...#.....).#.........#####
##..#.#.##........##(.#
##.#.#...........##..#
####'#.###...####...(..#


You could see 2 kobolds and a friendly bat.

Vanquished Creatures
  An ooze (D:1)
  2 bats (D:1)
  2 hobgoblins (D:1)
  A goblin (D:1)
  2 kobolds (D:1)
8 creatures vanquished.

Vanquished Creatures (collateral kills)
  2 goblins (D:1)
  4 hobgoblins (D:1)
  A kobold (D:1)
  2 rats (D:1)
9 creatures vanquished.

Grand Total: 17 creatures vanquished

Notes
Turn   | Place    | Note
-------+----------+-------------------------------------------
     0 | D:1      | FessEmpty the Draconian Summoner began the quest for the
                  | Orb.
     0 | D:1      | Reached XP level 1. HP: 14/14 MP: 3/3
   259 | D:1      | Reached XP level 2. HP: 4/20 MP: 3/5
   871 | D:1      | Slain by a kobold

Levels and vault maps discovered:
D:1:      mrwooster_arrival_arrow, layout_loops_ring

Action                   || total
-------------------------++-------
Melee: Unarmed           ||    20
       Club              ||    39
       Tailslap          ||     4
 Cast: Summon Small Mamm ||    22
Armor: Skin              ||    30
Dodge: Dodged            ||    52
